 Dungeon Crawl Stone Soup version 0.20-a0-1056-g7622305 (webtiles) character file.

168269 Rrauwl the Bludgeoner (level 17, -18/270 HPs)
             Began as an Ogre Monk on Apr 25, 2017.
             Was the Champion of Okawaru.
             Killed from afar by Mara (illusionary) (30 damage)
             ... with a bolt of fire
             ... on level 3 of the Swamp.
             The game lasted 02:06:41 (30969 turns).

Rrauwl the Bludgeoner (Ogre Monk)                  Turns: 30969, Time: 02:06:42

Health: -18/270    AC: 26    Str: 28    XL:     17   Next: 94%
Magic:  24/24      EV: 14    Int: 11    God:    Okawaru [******]
Gold:   3173       SH:  0    Dex: 12    Spells: 24/26 levels left

rFire    . . .     SeeInvis +   a - +2 giant spiked club (elec)
rCold    + . .     Gourm    .   (shield currently unavailable)
rNeg     . . .     Faith    .   b - +8 ice dragon scales "Roukaola" {rF- rC++ SInv}
rPois    +         Spirit   .   (helmet restricted)
rElec    +         Reflect  .   G - +2 cloak {rPois}
rCorr    .         Harm     .   (gloves unavailable)
MR       +....                  (boots unavailable)
Stlth    ..........             p - amulet of rage
Regen    0.6/turn               m - ring of poison resistance
MPRegen  0.2/turn               u - ring of fire

@: berserking (expiring), lethally poisoned (-18 -> -18), heroism, quick
A: unfitting armour, hooves 1, electricity resistance, tough skin 1, wild magic
1
a: Heroism, Finesse, Renounce Religion, Evoke Berserk Rage


You were on level 3 of the Swamp.
You worshipped Okawaru.
Okawaru was exalted by your worship.
You were hungry.

You visited 5 branches of the dungeon, and saw 27 of its levels.
You also visited: Ossuary and Volcano.

You collected 3561 gold pieces.
You spent 388 gold pieces at shops.

Inventory:

Hand Weapons
 a - a +2 giant spiked club of electrocution (weapon)
Missiles
 d - 9 large rocks (quivered)
Armour
 b - the +8 ice dragon scales "Roukaola" (worn) {rF- rC++ SInv}
   (Okawaru gifted it to you in a volcano)

   It makes you vulnerable to fire.
   It greatly protects you from cold.
   It lets you see invisible.
 c - +0 swamp dragon scales
 G - a +2 cloak of poison resistance (worn)
Jewellery
 m - a ring of poison resistance (left hand)
 p - an amulet of rage (around neck)
 u - a ring of fire (right hand)
 B - an uncursed ring of protection from cold
Wands
 f - a wand of polymorph (24/24)
 l - a wand of digging (16/24)
 w - a wand of digging (11/24)
 D - a wand of paralysis (14/24)
 H - a wand of iceblast (7/15)
 I - a wand of lightning (7/15)
Scrolls
 e - 9 scrolls of teleportation
 i - 8 scrolls of remove curse
 j - a scroll of summoning
 s - a scroll of fog
 t - 6 scrolls of magic mapping
 x - 7 scrolls of recharging
 z - 3 scrolls of fear
 A - 6 scrolls of identify
 T - 2 scrolls of blinking
Potions
 g - a potion of resistance
 h - 3 potions of might
 q - a potion of magic
 r - 9 potions of curing
 E - 2 potions of flight
 F - 2 potions of invisibility
 M - a potion of agility
 O - a potion of cancellation
 Q - 3 potions of heal wounds
 S - 2 potions of haste
Books
 n - the Grimoire of Doomed Boosts
   (You found it on level 1 of the Swamp)

   Spells                             Type                      Level
   a - Animate Skeleton               Necromancy                   1
   b - Swiftness                      Charms/Air                   2
   c - Excruciating Wounds            Charms/Necromancy            5
   d - Iskenderun's Battlesphere      Conjuration/Charms           5
   e - Dispel Undead                  Necromancy                   5
Miscellaneous
 k - a sack of spiders
 P - a box of beasts
Comestibles
 o - 6 fruits
 v - a chunk of flesh
 L - 17 royal jellies


   Skills:
 - Level 14.0(19.0) Fighting
 + Level 20.4(25.4) Maces & Flails
 - Level 5.0(10.0) Throwing
 - Level 7.0(12.0) Armour
 - Level 7.0(12.0) Dodging
 - Level 1.4(6.4) Stealth
 - Level 5.0 Spellcasting
 - Level 7.0 Translocations
 - Level 6.0 Invocations
 - Level 5.0 Evocations


You had 24 spell levels left.
You knew the following spells:

 Your Spells              Type           Power        Failure   Level  Hunger
a - Blink                 Tloc           N/A          6%          2    ##.....


Dungeon Overview and Level Annotations

Branches:
Dungeon (15/15)            Temple (1/1) D:5            Lair (6/6) D:8
  Swamp (3/4) Lair:3        Snake (0/4) Lair:2        Slime (0/5) Lair:5
    Orc (2/2) D:9             Elf (0/3) Orc:2        Vaults (0/5) D:13
 Depths (0/5) D:15

Altars:
Ashenzari
Cheibriados
Dithmenos
Elyvilon
Fedhas
Gozag
Hepliaklqana
Kikubaaqudgha
Makhleb
Nemelex Xobeh
Okawaru
Qazlal
Ru
Sif Muna
Trog
Uskayaw
Vehumet
Wu Jian
Xom
Yredelemnul
Zin
The Shining One
Jiyva

Shops:
D:5 [   D:7 (   D:9 ([   D:15 *   Orc:1 !   Orc:2 (*:[

Portals:
Trove: D:14 (give +3 storm dragon scales)

Annotations:
D:8 1 runed door
Swamp:3 Mara


Innate Abilities, Weirdness & Mutations

You are too large for most types of armour.
You have tough skin. (AC +1)
You have large cloven feet.
You are resistant to electric shocks. (rElec)
Your spells are a little harder to cast, but a little more powerful.


Message History

Mara is almost dead.
Mara gestures at you. You resist with significant effort.
Mara hits you but does no damage.
Mara's face changes twice.
Mara gestures at you. The bolt of fire misses you.
You smell burning wood.
You miss Mara.
Mara is almost dead.
You are engulfed in a cloud of scalding steam.
Rrauwl's illusion hits you!!!
* * * LOW HITPOINT WARNING * * *
Unknown command.
You barely miss Mara. You kick Mara, but do no damage.
Mara is almost dead.
You are engulfed in a cloud of scalding steam.
Rrauwl's illusion hits you!!!
* * * LOW HITPOINT WARNING * * *
Mara gestures at you. The bolt of fire hits you!
You die...

≈≈§ ♣♣♣.≈≈.♣ ≈≈
.♣≈..f≈≈♣
♣≈≈≈♣≈.≈≈≈≈♣
♣≈≈♣♣.≈≈≈.≈
♣..≈..≈≈≈.
♣♣≈..≈≈.♣
♣♣≈...≈≈≈♣ ≈.♣
♣RR.≈≈<..♣
≈≈≈≈♣♣♣♣@w..≈≈.♣♣
.≈≈....§@§≈.??.♣
≈≈≈≈.≈§..§≈.♣♣♣♣
≈≈≈..§≈≈..§≈♣♣
≈≈≈.≈≈≈≈.....♣♣
≈≈.♣≈≈≈..≈.R≈≈♣
≈≈..........!♣♣
≈≈..≈.≈.≈≈≈..≈♣
§.♣♣......!≈♣♣


You could see 2 Maras, a swamp worm and Rrauwl's illusion (berserk).

Vanquished Creatures
  Jorgrun (Swamp:3)
  Rupert (D:13)
  2 thorn hunters (Swamp:2)
  Kirke (D:14)
  An orc warlord (Orc:2)
  A stone giant (Volcano)
  Snorg (D:11)
  An ettin (D:15)
  2 fire dragons (Lair:6)
  15 hydras
  6 centaur warriors
  2 ghost crabs
  4 two-headed ogres
  5 death yaks (Lair:3)
  4 alligators
  2 tengu warriors (D:15)
  5 orc high priests
  A spriggan (Swamp:1)
  A deep elf knight (D:15)
  Urug (D:11)
  Nergalle (Orc:1)
  A deep troll (D:15)
  A wizard (D:14)
  2 unseen horrors
  4 swamp dragons
  A deep elf archer (D:15)
  3 orc knights
  2 lindwurms (Lair:6)
  A wolf spider (Lair:6)
  A deep elf mage (D:12)
  5 orc sorcerers
  A cyclops (D:15)
  8 ugly things
  An elephant (shapeshifter) (D:15)
  Maurice (D:8)
  2 manticores (D:15)
  16 elephants (Lair:6)
  6 black mambas (Lair:6)
  2 molten gargoyles (Volcano)
  2 gargoyles
  6 torpor snails
  A guardian serpent (Lair:6)
  21 spiny frogs
  4 centaur skeletons
  2 efreet
  2 kobold demonologists
  A freezing wraith (D:14)
  12 rime drakes
  8 komodo dragons
  A redback zombie (D:15)
  5 trolls
  3 meliai (Lair:6)
  6 tyrant leeches
  11 hornets
  2 polar bears (D:12)
  A queen bee (Lair:6)
  A tengu conjurer (D:15)
  8 hippogriffs
  8 slime creatures
  4 dream sheep (Lair:6)
  6 bog bodies
  12 blink frogs
  A centaur simulacrum (D:15)
  A water elemental (D:12)
  Sigmund (D:6)
  5 shadows
  A vampire (D:10)
  5 redbacks
  A wraith (D:12)
  15 wyverns
  3 basilisks
  33 yaks
  2 fire elementals (Volcano)
  4 hogs (D:14)
  5 fire bats (Volcano)
  16 steam dragons
  16 humans (D:13)
  2 hungry ghosts (D:7)
  6 vampire mosquitoes
  A warg (Orc:1)
  A harpy simulacrum (D:12)
  An acid dragon (D:15)
  3 insubstantial wisps (Swamp:1)
  5 swamp worms
  7 porcupines
  20 water moccasins
  A water moccasin (shapeshifter) (D:14)
  3 swamp drakes
  7 ice beasts
  4 sky beasts
  A black bear (D:11)
  2 eyes of draining
  38 orc warriors
  2 phantoms
  14 ogres
  12 centaurs
  23 wolves
  14 crocodiles
  3 big kobolds
  2 elf zombies (Ossuary)
  14 bullfrogs
  A gnoll sergeant (D:11)
  An earth elemental (Volcano)
  3 scorpions
  10 wights
  31 killer bees
  7 electric eels
  A howler monkey (D:6)
  5 crimson imps
  2 bullfrog zombies
  6 lava snakes (Volcano)
  8 centaur zombies
  A quasit (D:11)
  2 human zombies (Ossuary)
  11 orc priests
  5 hounds
  5 jellies
  4 bullfrog skeletons
  A gnoll shaman (D:3)
  3 iguanas
  Terence (D:3)
  25 orc wizards
  4 hell rats (Lair:6)
  8 worker ants
  A bullfrog simulacrum (D:12)
  2 killer bee zombies
  2 big kobold zombies (Ossuary)
  2 hound zombies (Ossuary)
  3 mummies (Ossuary)
  2 worker ant zombies
  11 gnolls
  12 adders
  5 shadow imps
  6 white imps (D:12)
  A worker ant simulacrum (D:10)
  An ufetubus (D:12)
  An ooze (D:5)
  3 adder zombies
  2 worms
  4 leopard geckos
  91 orcs
  8 giant cockroaches
  2 goblins
  9 hobgoblins
  9 jackals
  5 quokkas
  A ball python (D:2)
  7 bats
  3 frilled lizards
  A goblin zombie (D:8)
  4 hobgoblin zombies (Ossuary)
  A jackal skeleton (D:6)
  5 jackal zombies (Ossuary)
  14 kobolds
  A kobold zombie (Ossuary)
  2 leopard gecko skeletons (D:4)
  2 orc zombies (Ossuary)
  A quokka skeleton (D:4)
  5 quokka zombies
  7 rats
  7 rat zombies (Ossuary)
  A butterfly (Lair:1)
  A fungus (Orc:2)
928 creatures vanquished.

Vanquished Creatures (collateral kills)
  An orc warrior (Orc:2)
1 creature vanquished.

Vanquished Creatures (others)
  A tyrant leech (Swamp:1)
  A swamp worm (Swamp:2)
  A water moccasin (Lair:6)
  34 fungi
  52 plants
89 creatures vanquished.

Grand Total: 1018 creatures vanquished

Notes
Turn   | Place    | Note
-------+----------+-------------------------------------------
     0 | D:1      | Rrauwl the Ogre Monk began the quest for the Orb.
     0 | D:1      | Reached XP level 1. HP: 24/24 MP: 1/1
   183 | D:1      | Reached XP level 2. HP: 22/32 MP: 2/2
   618 | D:1      | Found an ornate altar of the Wu Jian Council.
   825 | D:2      | Reached skill level 3 in Maces & Flails
   825 | D:2      | Reached XP level 3. HP: 2/40 MP: 3/3
   825 | D:2      | HP: 1/40 [poisoned by an adder]
  1585 | D:3      | Reached XP level 4. HP: 38/49 MP: 4/4
  1712 | D:3      | Reached skill level 5 in Fighting
  2332 | D:3      | Noticed Terence
  2352 | D:3      | Killed Terence
  2645 | D:3      | Reached XP level 5. HP: 53/57 MP: 5/5
  2656 | D:3      | Gained mutation: Your spells are a little harder to cast, but a little more powerful. [potion of mutation]
  2656 | D:3      | Gained mutation: You are dopey. (Int -2) [potion of mutation]
  2656 | D:3      | Gained mutation: You evolve. [potion of mutation]
  2656 | D:3      | Lost mutation: You are dopey. (Int -2) [potion of mutation]
  3239 | D:3      | Reached skill level 4 in Maces & Flails
  3239 | D:3      | Reached XP level 6. HP: 10/67 MP: 6/6
  3586 | D:4      | Found a shattered altar of Ashenzari.
  4639 | D:5      | Entered Level 5 of the Dungeon
  4652 | D:5      | Found a staircase to the Ecumenical Temple.
  4662 | Temple   | Entered the Ecumenical Temple
  4670 | Temple   | Became a worshipper of Warmaster Okawaru
  4670 | Temple   | Reached * piety under Okawaru
  4670 | Temple   | Reached ** piety under Okawaru
  4919 | D:5      | Found a burning altar of Makhleb.
  4935 | D:5      | Found a bloodstained altar of Trog.
  4935 | D:5      | Found a shadowy altar of Dithmenos.
  4975 | D:5      | Reached skill level 5 in Maces & Flails
  4975 | D:5      | Reached XP level 7. HP: 78/78 MP: 7/7
  5170 | D:5      | Identified a scroll of acquirement
  5171 | D:5      | Got a bloodstained scarf
  5182 | D:5      | Identified the scarf of Midnight {Int+4} (You acquired it on level 5 of the Dungeon)
  5514 | D:5      | Found Powogi's Antique Armour Emporium.
  5706 | D:6      | Reached skill level 6 in Maces & Flails
  5785 | D:6      | Noticed Sigmund
  5803 | D:6      | Killed Sigmund
  5803 | D:6      | Reached skill level 7 in Maces & Flails
  5803 | D:6      | Reached XP level 8. HP: 61/87 MP: 6/8
  5959 | D:6      | Found a white marble altar of Elyvilon.
  5963 | D:6      | Found an ancient bone altar of Kikubaaqudgha.
  5963 | D:6      | Found a blossoming altar of Fedhas.
  5981 | D:6      | Found a basalt altar of Yredelemnul.
  5985 | D:6      | Found a deep blue altar of Sif Muna.
  6259 | D:6      | Reached *** piety under Okawaru
  6259 | D:6      | Reached skill level 8 in Maces & Flails
  6263 | D:6      | Gained mutation: You are resistant to electric shocks. (rElec) [mutagenic meat]
  6282 | D:6      | Found a sacrificial altar of Ru.
  6789 | D:7      | Found Gitur's Weapon Boutique.
  6805 | D:7      | Found a sparkling altar of Nemelex Xobeh.
  6837 | D:7      | Reached skill level 9 in Maces & Flails
  7074 | D:7      | Gained mutation: You have large cloven feet. [evolution]
  7129 | D:8      | Found a white marble altar of Elyvilon.
  7129 | D:8      | Found a runed door.
  7129 | D:8      | Noticed an angel
  7178 | D:8      | Got a fabulously ornate robe
  7189 | D:8      | Identified the +4 robe "Plog" {+Inv Str+2 Dex+6} (You acquired it on level 8 of the Dungeon)
  7211 | D:8      | Reached XP level 9. HP: 93/93 MP: 9/9
  7317 | D:8      | Reached **** piety under Okawaru
  7324 | D:8      | Reached skill level 1 in Evocations
  7396 | D:8      | Found a sand-covered staircase.
  7407 | Ossuary  | Entered an ossuary
  7677 | D:8      | Reached skill level 10 in Maces & Flails
  8072 | D:8      | Noticed Maurice
  8114 | D:8      | Killed Maurice
  8117 | D:8      | Reached XP level 10. HP: 107/107 MP: 4/12
  8130 | D:8      | Found a staircase to the Lair.
  8174 | D:8      | Reached skill level 11 in Maces & Flails
  8174 | D:8      | Reached XP level 11. HP: 120/120 MP: 11/14
  8419 | D:9      | Found Kumer's Armour Emporium.
  8419 | D:9      | Found a staircase to the Orcish Mines.
  8476 | Lair:1   | Entered Level 1 of the Lair of Beasts
  8512 | Lair:1   | Reached skill level 5 in Evocations
  8536 | Lair:1   | Found a dark tunnel.
  8544 | Volcano  | Entered a volcano
  8672 | Volcano  | Reached ***** piety under Okawaru
  8911 | Volcano  | Found a burning altar of Makhleb.
  8932 | Volcano  | Received a gift from Okawaru
  8933 | Volcano  | Got transparent ice dragon scales {god gift}
  9002 | Volcano  | Noticed a stone giant
  9012 | Volcano  | Killed a stone giant
  9288 | Volcano  | Reached skill level 1 in Throwing
  9427 | Volcano  | Identified the +8 ice dragon scales "Roukaola" {rF- rC++ SInv} (Okawaru gifted it to you in a volcano)
  9476 | Lair:1   | Reached skill level 1 in Armour
 10391 | Lair:1   | Lost mutation: You evolve. [evolution]
 10492 | Lair:2   | Learned a level 2 spell: Blink
 10594 | Lair:2   | Found a staircase to the Snake Pit.
 10688 | Lair:2   | Reached XP level 12. HP: 132/136 MP: 15/15
 10888 | Lair:2   | Reached skill level 12 in Maces & Flails
 11348 | Lair:3   | Received a gift from Okawaru
 11521 | Lair:3   | Noticed a death yak
 11521 | Lair:3   | Noticed a death yak
 11522 | Lair:3   | Noticed a death yak
 11536 | Lair:3   | Killed a death yak
 11537 | Lair:3   | Noticed a death yak
 11539 | Lair:3   | Noticed a death yak
 11803 | Lair:3   | Got a dazzling large shield
 11810 | Lair:3   | Identified the -9 large shield of the Lumpy Scars {rCorr} (You acquired it on level 3 of the Lair of Beasts)
 11884 | Lair:3   | Found a staircase to the Swamp.
 11964 | Lair:3   | Noticed a six-headed hydra
 11970 | Lair:3   | Killed a six-headed hydra
 11971 | Lair:3   | Reached skill level 5 in Throwing
 12109 | Lair:3   | Killed a death yak
 12112 | Lair:3   | Killed a death yak
 12116 | Lair:3   | Killed a death yak
 12119 | Lair:3   | Killed a death yak
 12119 | Lair:3   | Reached skill level 5 in Armour
 12671 | Lair:4   | Noticed a six-headed hydra
 12680 | Lair:4   | Killed a six-headed hydra
 12764 | Lair:4   | Reached skill level 13 in Maces & Flails
 12771 | Lair:4   | Received a gift from Okawaru
 12771 | Lair:4   | Reached XP level 13. HP: 71/144 MP: 14/16
 12783 | Lair:4   | Got a faintly glowing great mace {god gift}
 12784 | Lair:4   | Identified the +2 great mace "Odaales" {crush, rC++ Str+5 Int-5 Stlth-} (Okawaru gifted it to you on level 4 of the Lair of Beasts)
 13774 | Lair:5   | Found a staircase to the Slime Pits.
 13774 | Lair:5   | Found a viscous altar of Jiyva.
 14010 | Lair:5   | Received a gift from Okawaru
 14317 | Lair:5   | Reached skill level 1 in Spellcasting
 14656 | Lair:5   | Reached skill level 1 in Translocations
 14747 | Lair:6   | Entered Level 6 of the Lair of Beasts
 14760 | Lair:5   | Received a gift from Okawaru
 15290 | Lair:6   | Reached skill level 5 in Invocations
 15342 | Lair:6   | Reached skill level 14 in Maces & Flails
 15653 | Lair:6   | Received a gift from Okawaru
 15671 | Lair:6   | Reached XP level 14. HP: 130/153 MP: 20/20
 15901 | Lair:6   | Reached skill level 5 in Spellcasting
 16572 | Lair:6   | Found a runed door.
 16780 | Lair:6   | Received a gift from Okawaru
 17205 | Lair:6   | Reached skill level 15 in Maces & Flails
 17691 | Lair:6   | Received a gift from Okawaru
 17692 | Lair:6   | Got a smoking scarf {god gift}
 17703 | Lair:6   | Identified the scarf of the Hunter {rElec Slay+4} (Okawaru gifted it to you on level 6 of the Lair of Beasts)
 18248 | Lair:6   | Reached skill level 16 in Maces & Flails
 18905 | Lair:6   | Reached XP level 15. HP: 81/159 MP: 20/22
 19622 | D:9      | Found a hazy altar of Hepliaklqana.
 19807 | D:9      | Found Raekoll's Weapon Emporium.
 20182 | D:10     | Entered Level 10 of the Dungeon
 20238 | D:10     | Reached XP level 16. HP: 169/169 MP: 23/23
 20646 | D:10     | Found a white marble altar of Elyvilon.
 20930 | D:11     | Reached ****** piety under Okawaru
 21094 | D:11     | Received a gift from Okawaru
 21437 | D:11     | Noticed Snorg
 21451 | D:11     | Killed Snorg
 21533 | D:11     | Noticed Urug
 21546 | D:11     | Killed Urug
 22041 | D:12     | Reached skill level 17 in Maces & Flails
 23087 | D:13     | Noticed Rupert
 23092 | D:13     | Paralysed by Rupert for 7 turns
 23104 | D:13     | Received a gift from Okawaru
 23114 | D:13     | Killed Rupert
 23124 | D:13     | Found a gate to the Vaults.
 24060 | D:14     | Reached skill level 18 in Maces & Flails
 24089 | D:14     | Noticed Kirke
 24104 | D:14     | Killed Kirke
 24104 | D:14     | Received a gift from Okawaru
 24146 | D:14     | Found a portal to a secret trove of treasure.
 24268 | D:15     | Entered Level 15 of the Dungeon
 24268 | D:15     | Found Zepad's Assorted Antiques.
 24331 | D:15     | Bought a scroll labeled NAILEL JEISM for 28 gold pieces
 24424 | D:15     | Found a shattered altar of Ashenzari.
 24431 | D:15     | Received a gift from Okawaru
 24844 | D:15     | Reached XP level 17. HP: 87/180 MP: 24/24
 25396 | D:15     | Found a staircase to the Depths.
 25669 | D:15     | Reached skill level 19 in Maces & Flails
 25877 | Orc:1    | Entered Level 1 of the Orcish Mines
 26030 | Orc:1    | Noticed Nergalle
 26043 | Orc:1    | Killed Nergalle
 26326 | Orc:2    | Entered Level 2 of the Orcish Mines
 26468 | Orc:2    | Found Cine's Book Emporium.
 27532 | Orc:2    | Found Qoihis's General Store.
 27662 | Orc:2    | Found Voghoit's Antique Armour Emporium.
 27670 | Orc:2    | Found a staircase to the Elven Halls.
 27725 | Orc:2    | Found Jel Puy's Antique Weapon Boutique.
 28009 | Orc:1    | Found Caqak's Distillery.
 28017 | Orc:1    | Bought a potion of haste for 180 gold pieces
 28017 | Orc:1    | Bought a potion of haste for 180 gold pieces
 28196 | Lair:1   | Upgraded the game from 0.20-a0-1050-g57248f3 to 0.20-a0-1056-g7622305
 28292 | Swamp:1  | Entered Level 1 of the Swamp
 28435 | Swamp:1  | Identified the Grimoire of Doomed Boosts
 28870 | Swamp:1  | Received a gift from Okawaru
 29352 | Swamp:2  | Reached skill level 20 in Maces & Flails
 30835 | Swamp:3  | Noticed Jorgrun
 30923 | Swamp:3  | Killed Jorgrun
 30949 | Swamp:3  | Noticed Mara
 30958 | Swamp:3  | Noticed Rrauwl's illusion
 30969 | Swamp:3  | HP: 12/270 [Rrauwl's illusion[Mara] (41)]
 30969 | Swamp:3  | Killed from afar by Mara (illusionary)

Vault maps used:
D:1:      dpeg_arrival_lava_altar
D:2:      first_bread
D:3:      uniq_terence
D:4:      ashenzari_conservatory_becter
D:5:      nicolae_overflow_crystal_walls, gammafunk_temple_overflow_statue,
          minmay_temple_entry_poolview, serial_curves, eino_curves_03,
          eino_curves_04, serial_shops, kennysheep_little_box
D:6:      minmay_overflow_temple_star_hex, nicolae_ru_great_annihilating_truth,
          water_boxes_lemuel, uniq_sigmund
D:7:      old_standard_altar, serial_shops, nicolae_shop_stone
D:8:      grunt_lair_entry_orc_guard_hut, enter_ossuary_4, blue_anna_alchemist,
          minivault_10, lemuel_angel_altar, uniq_maurice
D:9:      nicolae_overflow_hidden_temple, orc_david_3
D:10:     hangedman_weighted_door, minmay_misc_feat_diagonals, elyvilon_altar_4
D:11:     uniq_snorg, uniq_urug
D:12:     serial_ice, serial_ice_d, serial_ice_j, serial_ice_n, serial_ice_b,
          serial_ice_a, serial_ice_m, serial_ice_e, serial_ice_o, serial_ice_g,
          serial_ice_h
D:13:     david_vaults_3, evilmike_surprise_oklob
D:14:     hex_tiny, nicolae_trove_entry_crossroad, st_stairs_13, uniq_kirke
D:15:     hangedman_depths_entry_civil_slaughter, serial_shops, shop,
          roderic_st_hans_cross, minmay_ruined_shrine
Temple:   dpeg_chambers_temple
Lair:1:   nicolae_volcano_entry_hallway, nicolae_quartered_pool_medium,
          serial_bayou_shore_b, lemuel_fruit_fields
Lair:2:   dummy_snake_entry, infiniplex_staircase_pool
Lair:3:   swamp_mist_pool, grunt_megastairs_5, serial_bayou_shore_a,
          serial_bayou_shore_b
Lair:4:   disabler_island
Lair:5:   slime_altar_1, grunt_megastairs_1
Lair:6:   hangedman_lair_tendril_chambers, wormcave, special_room,
          bobbens_dragon_lair_wall
Swamp:1:  nicolae_swamp_feature_on_the_river_bank
Swamp:2:  evilmike_swamp_ruin_house_1
Swamp:3:  hangedman_swamp_ruin_wall, uniq_jorgrun, uniq_mara
Orc:1:    serial_shops, shop, uniq_nergalle
Orc:2:    grunt_orc_gardens, grunt_orc_garden, grunt_orc_garden,
          grunt_orc_garden, grunt_orc_garden
Ossuary:  minmay_ossuary_two_tombs
Volcano:  volcano_grotto

Skill      XL: |  1  2  3  4  5  6  7  8  9 10 11 12 13 14 15 16 17 |
---------------+----------------------------------------------------+-----
Maces & Flails | 3 4 5 7 9 10 11 13 14 16 18 20 | 20.4
Dodging        | 3 4 6 7 |  7.0
Fighting       | 5 6 7 9 11 13 14 | 14.0
Evocations     | 3 4 5 |  5.0
Invocations    | 4 5 6 |  6.0
Throwing       | 2 5 |  5.0
Armour         | 2 5 7 |  7.0
Spellcasting   | 4 5 |  5.0
Translocations | 4 6 7 |  7.0
Stealth        | |  1.4

Action                   |  1- 3 |  4- 6 |  7- 9 | 10-12 | 13-15 | 16-18 || total
-------------------------+-------+-------+-------+-------+-------+-------++-------
Melee: Mace              |   108 |   179 |       |       |       |       ||   287
       Giant club        |       |     9 |   196 |       |       |       ||   205
       Giant spiked club |       |       |   154 |   277 |   842 |  1233 ||  2506
       Kick              |       |       |    58 |    77 |   222 |   373 ||   730
Throw: Large rock        |       |       |       |       |       |     2 ||     2
 Cast: Blink             |       |       |       |       |     2 |     3 ||     5
Invok: Heroism           |       |       |     2 |    10 |    18 |    16 ||    46
       Finesse           |       |       |       |     1 |     1 |     2 ||     4
 Abil: Evoke Berserk Rag |       |       |       |     6 |     3 |     5 ||    14
Evoke: Wand              |       |       |       |       |       |     2 ||     2
       Sack of spiders   |       |       |       |       |       |     1 ||     1
  Use: Scroll            |     2 |     6 |    13 |     8 |     6 |     4 ||    39
       Potion            |     1 |     7 |     8 |     3 |     6 |     2 ||    27
 Stab: Sleeping          |     1 |     1 |     3 |       |       |       ||     5
       Distracted        |       |     1 |       |       |     1 |       ||     2
       Invisible         |       |       |     1 |       |       |       ||     1
       Paralysed         |       |       |     1 |       |       |       ||     1
  Eat: Chunk             |     2 |     8 |     8 |     7 |    15 |    15 ||    55
       Fruit             |       |     2 |       |     7 |     2 |     2 ||    13
       Bread ration      |       |     1 |       |     2 |       |     4 ||     7
       Meat ration       |       |       |     3 |       |     2 |     1 ||     6
Armor: Robe              |    31 |    36 |   171 |    20 |       |       ||   258
       Skin              |       |    20 |       |       |       |       ||    20
       Ice dragon scales |       |       |       |   107 |   708 |   815 ||  1630
Dodge: Dodged            |    78 |    93 |   209 |   152 |   570 |   629 ||  1731
